 Dungeon Crawl Stone Soup version 0.22-a0-282-gdd34a7d (webtiles) character file.

23 Amnesiac the Magician (level 2, -2/16 HPs)
             Began as a Deep Elf Wizard on Mar 17, 2018.
             Slain by a goblin
             ... wielding a +0 club
             ... led by Robin
              (3 damage)
             ... on level 2 of the Dungeon.
             The game lasted 00:00:58 (750 turns).

Amnesiac the Magician (Deep Elf Wizard)              Turns: 750, Time: 00:00:58

Health: -2/16      AC:  2    Str:  4    XL:     2   Next: 75%
Magic:  9/9        EV: 13    Int: 22    God:
Gold:   64         SH:  0    Dex: 13    Spells: 9/10 levels left

rFire    . . .     SeeInvis .   k - +0 hunting sling
rCold    . . .     Gourm    .   (no shield)
rNeg     . . .     Faith    .   a - +0 robe
rPois    .         Spirit   .   b - +0 hat
rElec    .         Reflect  .   (no cloak)
rCorr    .         Harm     .   (no gloves)
MR       .....                  (no boots)
Stlth    ++........             (no amulet)
HPRegen  0.05/turn              (no ring)
MPRegen  0.11/turn              (no ring)

@: no status effects
A: no striking features
a: no special abilities


You were on level 2 of the Dungeon.
You were not hungry.

You visited 1 branch of the dungeon, and saw 2 of its levels.

You collected 64 gold pieces.

Inventory:

Hand Weapons
 k - a +0 hunting sling (weapon)
Missiles
 l - 42 stones (quivered)
 n - 22 sling bullets
Armour
 a - a +0 robe (worn)
 b - a +0 hat (worn)
Jewellery
 g - a +3 ring of dexterity {unknown}
 j - an uncursed ring of protection from fire {unknown}
Scrolls
 e - 4 scrolls of identify {!r, unknown}
 i - 2 scrolls of teleportation {!r, unknown}
 m - a scroll of blinking {!r, unknown}
Potions
 f - a potion of curing {!q, unknown}
 h - a potion of haste {!q, unknown}
Comestibles
 c - a chunk of flesh
 d - 2 rations


   Skills:
 * Level 1.5 Fighting
 - Level 2.4 Dodging
 - Level 2.4 Stealth
 - Level 4.5 Spellcasting
 + Level 1.8 Conjurations
   Level 1.1 Summonings
   Level 1.1 Translocations


You had 9 spell levels left.
You knew the following spells:

 Your Spells              Type           Power        Failure   Level  Hunger
a - Magic Dart            Conj           ##..         4%          1    None


Dungeon Overview and Level Annotations

Branches:
Dungeon (2/15)

Altars:

Annotations:
D:2 Robin


Message History

The worm is heavily wounded.
Firing (i - inventory. (/) - cycle)
l - 47 stones (quivered)
Press: ? - help, Shift-Dir - straight line, f/p - worm
Aim: a worm (moderately wounded)
You shoot a stone. The stone hits the worm.
The worm is heavily wounded.
Firing (i - inventory. (/) - cycle)
l - 46 stones (quivered)
Press: ? - help, Shift-Dir - straight line, f/p - worm
Aim: a worm (heavily wounded)
You shoot a stone.
The stone barely misses the worm. 2 hobgoblins come into view.
Firing (i - inventory. (/) - cycle)
l - 45 stones (quivered)
Press: ? - help, Shift-Dir - straight line, f/p - worm
Aim: a worm (heavily wounded)
You shoot a stone.
The stone hits the worm but does no damage.
The worm is heavily wounded.
The hobgoblin shouts!
You hear a shout! x4
A goblin, 2 hobgoblins and Robin come into view.
You see here 10 gold pieces.
Firing (i - inventory. (/) - cycle)
l - 44 stones (quivered)
Press: ? - help, Shift-Dir - straight line, f/p - worm
Aim: a worm (moderately wounded)
You shoot a stone. The hobgoblin shouts!
The goblin shouts!
The stone hits the worm.
The worm is severely wounded.
You hear an angry hiss.
You hear a shout!
Robin throws the goblin at you!
A goblin comes into view.
The goblin hits you with a club.
Firing (i - inventory. (/) - cycle)
l - 43 stones (quivered)
Press: ? - help, Shift-Dir - straight line, f/p - worm
Aim: a worm (heavily wounded)
You shoot a stone. The stone hits the worm.
The worm is severely wounded.
The goblin hits you with a club. The worm bites you!
* * * LOW HITPOINT WARNING * * *
You are too injured to fight recklessly!
A goblin comes into view. It is wielding a club.
The goblin shouts!
Found a hunting sling.
Robin roars a battlecry!
The goblins go into a battle-frenzy!
You hear a shout!
Found 6 gold pieces.
A rat comes into view.
There is a stone staircase leading down here.
The rat twitches its whiskers.
A dart slug comes into view.
Found a scroll labeled ZIBBORA SAYDDO.
Robin roars a battlecry!
The hobgoblin goes into a battle-frenzy!
The rat closely misses you. Robin throws the goblin at you!
* * * LOW HITPOINT WARNING * * *
Found an escape hatch in the floor.
The goblin hits you with a club.
* * * LOW HITPOINT WARNING * * *
The goblin hits you but does no damage.
You see here 6 gold pieces.
You see here a scroll labeled ZIBBORA SAYDDO {!r}.
The goblin hits you with a club.
You die...

#######
#.....###########.
######.....#ggg@..>....
w.........ggr#########.
#####....g..#
#....g.#.#
#####>##g###...
#.............#####
#..................
##..................
..)...........(.....


You could see 3 hobgoblins, 3 goblins and a rat.

Vanquished Creatures
  3 goblins (D:1)
  3 hobgoblins (D:1)
  2 jackals (D:1)
  3 kobolds (D:1)
  6 bats (D:1)
  A frilled lizard (D:1)
  5 rats (D:1)
23 creatures vanquished.

Notes
Turn   | Place    | Note
-------+----------+-------------------------------------------
     0 | D:1      | Amnesiac the Deep Elf Wizard began the quest for the Orb.
     0 | D:1      | Reached XP level 1. HP: 10/10 MP: 7/7
   308 | D:1      | Reached skill level 1 in Fighting
   308 | D:1      | Reached XP level 2. HP: 16/16 MP: 6/9
   730 | D:2      | Noticed Robin
   750 | D:2      | Slain by a goblin

Vault maps used:
D:1:      saegor_arrival_simple_e, minmay_small_reverse_x
D:2:      first_ration, st_stairs_11, uniq_robin, uniq_crazy_yiuf_cottage

Skill      XL: |  1 |
---------------+----+-----
Fighting       | 1 |  1.5
Dodging        | |  2.4
Stealth        | |  2.4
Spellcasting   | |  4.5
Conjurations   | |  1.8
Summonings     | |  1.1
Translocations | |  1.1

Action                   || total
-------------------------++-------
 Fire: Hunting sling     ||    29
 Cast: Magic Dart        ||    36
Armor: Robe              ||     5
Dodge: Dodged            ||    12

Table legend:
 A = Spawn XP
 B = Non-spawn XP
 C = Spawn XP percentage of total XP
 D = Spawn monster count
 E = Non-spawn monster count
 F = Spawn count percentage of total count
 G = Total turns spent on level
                    A         B        C        D         E        F      G
               +---------+---------+-------+---------+---------+-------+---------
         Total |       0 |      34 |   0.0 |       0 |      23 |   0.0 |   750
               +---------+---------+-------+---------+---------+-------+---------
           D:1 |       0 |      34 |   0.0 |       0 |      23 |   0.0 |   719
               +---------+---------+-------+---------+---------+-------+---------
